 Dungeon Crawl Stone Soup version 0.21.1-1-g345015f (webtiles) character file.

228321 troglodite the Warrior (level 18, -7/149 HPs)
             Began as a Demonspawn Berserker on June 20, 2018.
             Was a High Priest of Trog.
             Blown up by an orb spider (18 damage)
             ... with an orb of destruction
             ... on level 4 of the Spider Nest on June 21, 2018.
             The game lasted 02:11:07 (38330 turns).

troglodite the Warrior (Demonspawn Berserker)      Turns: 38330, Time: 02:11:08

Health: -7/149     AC: 31    Str: 19 (21) XL:     18   Next: 70%
Magic:  0/18       EV: 20    Int: 20      God:    Trog [*****.]
Gold:   2445       SH: 14    Dex: 20 (21) Spells: 17/17 levels left

rFire    + . .     SeeInvis .   O - +8 demon whip "Enanka" {drain, rPois Str-4 Stlth+}
rCold    . . .     Gourm    .   Y - +0 shield (curse)
rNeg     + + .     Faith    .   K - +7 chain mail of Grace {rF+ rN+ Regen+ Int+7}
rPois    +         Spirit   +   P - +2 hat
rElec    .         Reflect  .   w - scarf {repulsion}
rCorr    .         Harm     .   W - +2 pair of gloves {archery}
MR       +....                  (boots unavailable)
Stlth    ++++......             L - amulet of Loxot {Regen+ Int+2 Slay+5}
HPRegen  1.14/turn              x - +4 ring of protection
MPRegen  0.32/turn              I - ring of positive energy

@: mighty, agile, lethally poisoned (-7 -> -65), about to teleport, slowed,
studying Slings, repel missiles, very slow
A: talons 3, icy blue scales 1, powered by pain 1, augmentation 2, magic shield,
magic regeneration, magic link
}: 1/15 runes: barnacled
a: Berserk, Trog's Hand, Brothers in Arms, Burn Spellbooks, Renounce Religion


You were on level 4 of the Spider Nest.
You worshipped Trog.
Trog was extremely pleased with you.
You were not hungry.

You visited 5 branches of the dungeon, and saw 31 of its levels.
You also visited: Sewer and Ice Cave.

You collected 3201 gold pieces.
You spent 756 gold pieces at shops.

Inventory:

Hand Weapons
 E - a +6 falchion of flaming
 O - the +8 demon whip "Enanka" (weapon) {drain, rPois Str-4 Stlth+}
   (Trog gifted it to you on level 11 of the Dungeon)

   A truly terrible weapon, it drains the life of those it strikes.
   It affects your strength (-4).
   It protects you from poison.
   It makes you more stealthy.
 U - a +5 antimagic demon blade
Armour
 w - a scarf of repulsion (worn)
 K - the +7 chain mail of Grace (worn) {rF+ rN+ Regen+ Int+7}
   (You found it on level 4 of the Lair of Beasts)

   It affects your intelligence (+7).
   It protects you from fire.
   It protects you from negative energy.
   It increases your rate of regeneration.
 P - a +2 hat (worn)
 W - a +2 pair of gloves of archery (worn)
 Y - a cursed +0 shield (worn)
Jewellery
 f - an uncursed ring of protection from cold
 r - the amulet of the Marlin {Faith +Inv MR+}
   (You found it on level 11 of the Dungeon)

   [amulet of faith]

   It allows you to gain divine favour quickly.
   It affects your resistance to hostile enchantments.
   It lets you turn invisible.
 v - an uncursed ring of stealth
 x - a +4 ring of protection (left hand)
 H - an uncursed ring of resist corrosion
 I - a ring of positive energy (right hand)
 L - the amulet of Loxot (around neck) {Regen+ Int+2 Slay+5}
   (You took it off an orc wizard on level 9 of the Dungeon)

   [amulet of regeneration]

   It affects your intelligence (+2).
   It affects your accuracy and damage with ranged weapons and melee attacks
   (+5).
   It increases your rate of regeneration.
 T - an uncursed ring of magical power
Wands
 a - a wand of digging (33)
 h - a wand of paralysis (6)
 n - a wand of enslavement (20)
 J - a wand of disintegration (15)
 R - a wand of acid (10)
Scrolls
 e - 3 scrolls of fog
 j - 6 scrolls of fear
 k - 16 scrolls of remove curse
 p - 15 scrolls of teleportation
 y - 8 scrolls of blinking
 B - 6 scrolls of magic mapping
 F - 2 scrolls of identify
 N - 4 scrolls of summoning
 Q - a scroll of enchant weapon
Potions
 b - 7 potions of might
 d - 9 potions of heal wounds
 g - 2 potions of cancellation
 l - 16 potions of curing
 m - 2 potions of resistance
 o - 3 potions of magic
 q - 8 potions of lignification
 s - 3 potions of ambrosia
 t - 4 potions of brilliance
 u - 2 potions of haste
 z - 2 potions of invisibility
 A - 4 potions of flight
 C - 6 potions of agility
 D - a potion of mutation
 G - 2 potions of berserk rage
Books
 S - a manual of Slings
Comestibles
 c - 31 rations


   Skills:
 * Level 15.1 Fighting
 + Level 9.4 Long Blades
 + Level 12.4 Maces & Flails
 * Level 14.2 Armour
 * Level 11.7 Dodging
 * Level 10.6 Stealth
 * Level 13.4 Shields


You had 17 spell levels left.
You didn't know any spells.

Dungeon Overview and Level Annotations

Branches:
Dungeon (15/15)            Temple (0/1) D:7            Lair (6/6) D:9
 Shoals (4/4) Lair:3       Spider (4/4) Lair:2        Slime (0/5) Lair:5
    Orc (2/2) D:10            Elf (0/3) Orc:2        Vaults (0/5) D:14
 Depths (0/5) D:15

Altars:
Ashenzari
Cheibriados
Gozag
Makhleb
Nemelex Xobeh
Okawaru
Xom
Yredelemnul
Zin
Beogh
Jiyva

Shops:
D:13 %   Orc:2 :([   Shoals:2 *


Innate Abilities, Weirdness & Mutations

You have claws for feet.
You are partially covered in icy blue scales. (AC +2)
You sometimes gain a little power by taking damage.
Your magical and physical power is enhanced at high health.
When hurt, damage is shared between your health and your magic reserves.
You regenerate magic rapidly.
When low on magic, you restore magic in place of health.


Message History

You feel you are being watched by something.
You feel your power leaking away.
Something hits you but does no damage. x2; You block something's attack.
Something hits you but does no damage. Something hits you.
* * * LOW HITPOINT WARNING * * *
Something stings you but does no damage.
The orb spider weaves a glowing orb of energy.
An orb of destruction comes into view.
As you read the scroll of teleportation, it crumbles to dust.
You feel strangely unstable.
* * * LOW HITPOINT WARNING * * *
You focus on the pain.
You feel very mighty all of a sudden.
You feel extremely sick. The orb of destruction hits you!
* * * LOW HITPOINT WARNING * * *
You focus on the pain.
You feel agile all of a sudden. The orb of destruction hits you!
You die...

... #.. .. .....# ## ##.
... ....^.#####.## ##
#.. ......^^##...## #
##.###...#...†....^# #
.#.^.#s..###.....##.^# #
..w...§.^.#.^.††.#######
.^..^.§...s...†..'......
...^...@§§......†'......
..^^^^.{.........'..^.^.
..........#^.....#######
.#...#^^.###..†..##.. #
##.###..^#..)......# #
#...#†.......##...## #
......^......#####.## ##
...^^...^^..## ## ##.
...###%.......# #..


You could see a torpor snail and 2 orb spiders.

Vanquished Creatures
  Jorgrun (Spider:4)
  An acid blob (Lair:5)
  The ghost of RedSatellite the Peltast, an adept GrFi of Okawaru (Spider:4)
  Gastronok (D:12)
  2 frost giants
  Ilsuiw (Shoals:4)
  Aizul (Shoals:1)
  4 ghost moths
  An orc warlord (Orc:1)
  5 emperor scorpions
  5 entropy weavers
  Azrael (Spider:3)
  2 merfolk javelineers
  Snorg (D:11)
  9 merfolk impalers
  The ghost of Monsterracer the Cleaver, a journeyman MiVM of Elyvilon (Lair:1)
  4 vault guards (D:14)
  9 hydras
  A catoblepas (D:13)
  3 merfolk avatars
  4 centaur warriors
  2 alligator snapping turtles (Shoals:2)
  8 merfolk aquamancers
  7 death yaks
  2 tengu warriors (D:14)
  4 orc high priests (Orc:2)
  Urug (D:12)
  Sonja (D:14)
  The ghost of tidbits the Magician, a novice GnSk of Cheibriados (D:11)
  13 sea snakes
  3 wizards
  The ghost of w0lly the Fighter, a novice GnWn of Elyvilon (D:6)
  Pikel (D:6)
  29 harpies
  5 orc knights
  A necromancer (D:15)
  13 wolf spiders
  18 orb spiders
  9 orc sorcerers
  11 ugly things
  10 fauns
  11 manticores
  10 elephants (Lair:6)
  11 merfolk sirens
  4 cyclopes
  7 water nymphs
  An ice statue (IceCv)
  6 black mambas
  4 gargoyles
  8 centaur skeletons
  16 spiny frogs
  3 torpor snails
  A redback zombie (D:15)
  11 komodo dragons
  4 kobold demonologists
  5 rime drakes
  A yaktaur (D:14)
  An efreet (D:15)
  8 demonic crawlers
  A rime drake (shapeshifter) (D:14)
  34 jumping spiders
  11 trolls
  A meliai (D:13)
  9 wind drakes
  Prince Ribbit (Lair:1)
  19 hornets
  20 polar bears
  28 merfolk
  26 blink frogs
  8 slime creatures
  Grinder (Sewer)
  8 snapping turtles
  11 dream sheep
  11 hippogriffs
  A centaur simulacrum (D:15)
  28 tarantellas
  66 redbacks
  6 spriggans (D:11)
  A vampire (D:14)
  52 yaks
  3 shadows
  5 wraiths
  11 wyverns
  5 water elementals
  3 fire elementals (Spider:3)
  3 basilisks
  A hungry ghost (D:10)
  A basilisk (shapeshifter) (D:14)
  3 vampire mosquitoes (D:15)
  3 wargs
  3 acid dragons
  A hell hound (Spider:3)
  A soldier ant (D:13)
  9 porcupines
  17 water moccasins
  4 ice beasts
  2 black bears
  34 orc warriors
  6 sky beasts
  2 eyes of draining
  3 phantoms
  24 wolves
  18 centaurs
  13 crocodiles
  16 ogres
  10 big kobolds
  21 bullfrogs
  A wyvern zombie (D:11)
  6 scorpions
  22 killer bees
  4 wights
  4 howler monkeys (D:8)
  An electric eel (Lair:6)
  11 crimson imps
  3 bullfrog zombies
  4 centaur zombies
  8 hounds
  5 jellies
  A quasit (Sewer)
  A bullfrog skeleton (D:9)
  26 orc priests
  16 orc wizards
  9 iguanas
  10 worker ants
  2 big kobold zombies (Sewer)
  A hound zombie (D:7)
  A hound skeleton (D:9)
  18 adders
  4 gnolls (D:8)
  7 shadow imps
  12 white imps (Lair:6)
  5 ufetubi (Sewer)
  3 oozes
  An adder zombie (D:9)
  4 worms
  4 adder skeletons
  2 dart slugs
  4 leopard geckos
  116 orcs
  8 bats
  A bat zombie (Sewer)
  10 giant cockroaches
  5 goblins
  4 hobgoblins
  9 jackals
  40 kobolds
  5 quokkas
  4 frilled lizards
  A giant cockroach zombie (Sewer)
  A kobold zombie (Sewer)
  3 leopard gecko skeletons
  A quokka skeleton (D:4)
  6 rats (D:1)
  2 plants (Shoals:4)
1291 creatures vanquished.

Vanquished Creatures (collateral kills)
  Arachne (Spider:3)
  An acid blob (Lair:4)
  A merfolk javelineer (Shoals:4)
  A catoblepas (D:10)
  A hydra (D:9)
  A two-headed ogre (D:10)
  An orc knight (Orc:1)
  A merfolk siren (Shoals:4)
  A demonic crawler (Spider:4)
  A komodo dragon (D:10)
  2 merfolk (Shoals:4)
  2 slime creatures (D:15)
  2 redbacks (Spider:4)
  A vampire (D:10)
  3 hell hounds (Spider:3)
  An orc warrior (D:10)
  An ogre (Orc:2)
  A crimson imp (D:9)
  An orc priest (Orc:1)
  A hound (D:9)
  An orc wizard (D:10)
  2 orcs
28 creatures vanquished.

Vanquished Creatures (others)
  A wolf spider (Spider:2)
  2 slaves (D:6)
  2 orc wizards
  An iguana (D:6)
  5 orcs
  A kobold zombie (Sewer)
  A bush (Lair:6)
  11 fungi
  8 plants
32 creatures vanquished.

Grand Total: 1351 creatures vanquished

Notes
Turn   | Place    | Note
-------+----------+-------------------------------------------
     0 | D:1      | troglodite the Demonspawn Berserker began the quest for the Orb.
     0 | D:1      | Reached XP level 1. HP: 18/18 MP: 1/1
    72 | D:1      | Gained mutation: You have sharp toenails. [demonic ancestry]
    72 | D:1      | Reached XP level 2. HP: 17/24 MP: 2/2
   877 | D:2      | Gained mutation: You have razor-sharp toenails. [demonic ancestry]
   877 | D:2      | Reached XP level 3. HP: 29/29 MP: 3/3
   980 | D:2      | Reached XP level 4. HP: 35/35 MP: 4/4
  1180 | D:2      | Found an opulent altar of Gozag.
  1549 | D:2      | Gained mutation: You sometimes gain a little power by taking damage. [demonic ancestry]
  1549 | D:2      | Reached XP level 5. HP: 24/41 MP: 5/5
  1550 | D:2      | Reached ** piety under Trog
  1611 | D:2      | Found a glowing silver altar of Zin.
  2402 | D:3      | Gained mutation: You have claws for feet. [demonic ancestry]
  2402 | D:3      | Reached XP level 6. HP: 48/48 MP: 6/6
  2972 | D:4      | Reached skill level 4 in Fighting
  3431 | D:4      | Found a burning altar of Makhleb.
  3436 | D:4      | Found a sparkling altar of Nemelex Xobeh.
  3832 | D:5      | Entered Level 5 of the Dungeon
  3836 | D:5      | Reached XP level 7. HP: 54/54 MP: 7/7
  4297 | D:5      | Reached skill level 1 in Shields
  4358 | D:5      | Reached *** piety under Trog
  4358 | D:5      | Reached skill level 5 in Armour
  4536 | D:5      | Reached skill level 5 in Long Blades
  4583 | D:5      | Found a shimmering altar of Xom.
  5617 | D:6      | Reached XP level 8. HP: 61/61 MP: 8/8
  5637 | D:6      | Noticed Pikel
  5643 | D:6      | Reached skill level 1 in Stealth
  5653 | D:6      | Killed Pikel
  5653 | D:6      | Reached skill level 5 in Fighting
  5670 | D:6      | Noticed w0lly's ghost (novice GnWn)
  5722 | D:6      | Killed w0lly's ghost
  5722 | D:6      | Reached XP level 9. HP: 29/68 MP: 9/9
  5846 | D:6      | Found a glowing drain.
  5896 | Sewer    | Entered a sewer
  6160 | Sewer    | Found a burning altar of Makhleb.
  6190 | Sewer    | Reached **** piety under Trog
  6329 | Sewer    | Noticed Grinder
  6329 | Sewer    | Paralysed by Grinder for 4 turns
  6344 | Sewer    | Killed Grinder
  6998 | D:6      | Found an iron altar of Okawaru.
  7157 | D:6      | Found a basalt altar of Yredelemnul.
  7643 | D:7      | Found a snail-covered altar of Cheibriados.
  8097 | D:7      | Reached skill level 6 in Fighting
  8195 | D:7      | Got a pair of slimy boots
  8329 | D:7      | Found a staircase to the Ecumenical Temple.
  8383 | D:7      | Reached ***** piety under Trog
  8903 | D:8      | Gained mutation: You are partially covered in icy blue scales. (AC +2) [demonic ancestry]
  8903 | D:8      | Reached XP level 10. HP: 76/76 MP: 10/10
  9683 | D:8      | Reached skill level 5 in Dodging
  9743 | D:8      | Noticed a two-headed hydra
  9750 | D:8      | Killed a one-headed hydra
  9750 | D:8      | Reached skill level 7 in Fighting
  9754 | D:8      | Received a gift from Trog
  9836 | D:9      | Found a staircase to the Lair.
 10303 | D:9      | Reached skill level 5 in Shields
 10508 | D:9      | Noticed a five-headed hydra
 10517 | D:9      | Killed a three-headed hydra
 10519 | D:9      | Paralysed by a crimson imp for 3 turns
 10708 | D:9      | Reached XP level 11. HP: 45/84 MP: 11/11
 10828 | D:9      | Got a vibrating bronze amulet
 11601 | D:10     | Entered Level 10 of the Dungeon
 11761 | D:10     | Received a gift from Trog
 12214 | D:10     | Reached skill level 8 in Fighting
 12228 | D:10     | Noticed a two-headed ogre
 12234 | D:10     | Killed a two-headed ogre
 12573 | D:10     | Noticed a catoblepas
 12587 | D:10     | Killed a catoblepas
 13043 | D:10     | Found a staircase to the Orcish Mines.
 13469 | D:11     | Noticed tidbits's ghost (novice GnSk)
 13484 | D:11     | Killed tidbits's ghost
 13569 | D:11     | Received a gift from Trog
 13577 | D:11     | Got a warped demon whip {god gift}
 13721 | D:11     | Identified the +8 demon whip "Enanka" {drain, rPois Str-4 Stlth+} (Trog gifted it to you on level 11 of the Dungeon)
 13774 | D:11     | Identified the amulet of Loxot {Regen+ Int+2 Slay+5} (You took it off an orc wizard on level 9 of the Dungeon)
 13811 | D:11     | Found a shattered altar of Ashenzari.
 13955 | D:11     | Reached skill level 1 in Maces & Flails
 14021 | D:11     | Noticed Snorg
 14027 | D:11     | Killed Snorg
 14027 | D:11     | Reached skill level 10 in Armour
 14159 | D:11     | Gained mutation: When hurt, damage is shared between your health and your magic reserves. [demonic ancestry]
 14159 | D:11     | Reached XP level 12. HP: 94/94 MP: 12/12
 14230 | D:11     | Reached skill level 9 in Fighting
 14438 | D:11     | Got a vibrating silver amulet
 14446 | D:11     | Identified the amulet of the Marlin {Faith +Inv MR+} (You found it on level 11 of the Dungeon)
 14613 | D:12     | Noticed a five-headed hydra
 14619 | D:12     | Killed a one-headed hydra
 14632 | D:12     | Noticed Gastronok
 14643 | D:12     | Killed Gastronok
 14676 | D:12     | Got a bloodstained scale mail
 14796 | D:12     | Identified the cursed +0 scale mail "Iqen" {Dex+5 Slay-4} (You found it on level 12 of the Dungeon)
 14993 | D:12     | Noticed Urug
 15001 | D:12     | Killed Urug
 15579 | D:13     | Reached skill level 5 in Maces & Flails
 15665 | D:13     | Noticed a catoblepas
 15666 | D:13     | Noticed a centaur warrior
 15680 | D:13     | Killed a catoblepas
 15688 | D:13     | Killed a centaur warrior
 15773 | D:13     | Gained mutation: You regenerate magic rapidly. [demonic ancestry]
 15773 | D:13     | Reached XP level 13. HP: 85/103 MP: 10/13
 16196 | D:13     | Reached skill level 10 in Fighting
 16290 | D:13     | Found Fintu's Food Emporium.
 16785 | D:14     | Found a gate to the Vaults.
 17213 | D:14     | Noticed Sonja
 17229 | D:14     | Killed Sonja
 17956 | D:15     | Entered Level 15 of the Dungeon
 17990 | D:15     | Reached skill level 5 in Stealth
 18227 | D:15     | Gained mutation: When low on magic, you restore magic in place of health. [demonic ancestry]
 18227 | D:15     | Reached XP level 14. HP: 109/111 MP: 14/14
 18292 | D:15     | Reached skill level 11 in Fighting
 18318 | D:15     | Paralysed by an orc sorcerer for 2 turns
 18518 | D:15     | Found a staircase to the Depths.
 19512 | Orc:1    | Entered Level 1 of the Orcish Mines
 19673 | Orc:2    | Entered Level 2 of the Orcish Mines
 19675 | Orc:2    | Found Itteimih's Book Emporium.
 19675 | Orc:2    | Noticed an orc warlord
 19881 | Orc:1    | Killed an orc warlord
 20412 | Orc:2    | Found a roughly hewn altar of Beogh.
 21118 | Orc:2    | Found Affaguji's Antique Armour Boutique.
 21271 | Orc:1    | Received a gift from Trog
 21398 | Orc:1    | Found a roughly hewn altar of Beogh.
 21867 | Orc:2    | Found a staircase to the Elven Halls.
 21901 | Orc:2    | Found Yloej's General Store.
 22074 | Orc:2    | Found Cuotimus's Antique Weapon Shop.
 22427 | Orc:2    | Found a roughly hewn altar of Beogh.
 22521 | Orc:2    | Bought a pair of embroidered gloves for 195 gold pieces
 22521 | Orc:2    | Bought an embroidered cloak for 195 gold pieces
 22521 | Orc:2    | Bought a runed shield for 195 gold pieces
 22689 | Lair:1   | Entered Level 1 of the Lair of Beasts
 23075 | Lair:1   | Noticed Monsterracer's ghost (journeyman MiVM)
 23097 | Lair:1   | Killed Monsterracer's ghost
 23848 | Lair:1   | Noticed Prince Ribbit
 23859 | Lair:1   | Killed Prince Ribbit
 24188 | Lair:2   | Gained mutation: Your magical and physical power is slightly enhanced at high health. [demonic ancestry]
 24188 | Lair:2   | Reached XP level 15. HP: 119/120 MP: 15/15
 24385 | Lair:2   | Received a gift from Trog
 24534 | Lair:2   | Found a hole to the Spider Nest.
 25164 | Lair:3   | Found a staircase to the Shoals.
 26483 | Lair:4   | Got a fine chain mail
 26494 | Lair:4   | Identified the +7 chain mail of Grace {rF+ rN+ Regen+ Int+7} (You found it on level 4 of the Lair of Beasts)
 26669 | Lair:5   | Found a runed door.
 26678 | Lair:5   | Found a viscous altar of Jiyva.
 26680 | Lair:5   | Found a staircase to the Slime Pits.
 26680 | Lair:5   | Noticed an acid blob
 26680 | Lair:5   | Noticed an acid blob
 26714 | Lair:4   | Killed an acid blob
 26897 | Lair:5   | Killed an acid blob
 26897 | Lair:5   | Reached skill level 12 in Fighting
 26897 | Lair:5   | Reached skill level 10 in Shields
 27163 | Lair:5   | Reached skill level 10 in Maces & Flails
 27836 | Lair:6   | Entered Level 6 of the Lair of Beasts
 27953 | Lair:6   | Received a gift from Trog
 27953 | Lair:6   | Reached skill level 10 in Dodging
 27966 | Lair:6   | Got a dazzling scimitar {god gift}
 27970 | Lair:6   | Identified the +1 scimitar of the Firefly {drain, -Tele rElec rF+ Dex+3} (Trog gifted it to you on level 6 of the Lair of Beasts)
 28072 | Lair:6   | Found a frozen archway.
 28117 | IceCv    | Entered an ice cave
 28627 | IceCv    | Noticed a frost giant
 28636 | IceCv    | Killed a frost giant
 28639 | IceCv    | Reached XP level 16. HP: 129/129 MP: 13/16
 29060 | Lair:6   | Received a gift from Trog
 29558 | Lair:6   | Reached ****** piety under Trog
 30154 | Shoals:1 | Entered Level 1 of the Shoals
 30298 | Shoals:1 | Reached skill level 13 in Fighting
 30315 | Shoals:1 | Received a gift from Trog
 30681 | Shoals:1 | Noticed Aizul
 30697 | Shoals:1 | Killed Aizul
 31683 | Shoals:2 | Received a gift from Trog
 31836 | Shoals:2 | Found Lucwe's General Store.
 31886 | Shoals:2 | Bought a scroll of summoning for 171 gold pieces
 31946 | Shoals:2 | Reached XP level 17. HP: 126/137 MP: 15/17
 32608 | Shoals:4 | Entered Level 4 of the Shoals
 32627 | Shoals:4 | Noticed Ilsuiw
 32640 | Shoals:4 | Received a gift from Trog
 32659 | Shoals:4 | Killed Ilsuiw
 33407 | Shoals:4 | Received a gift from Trog
 33731 | Shoals:4 | Reached skill level 14 in Fighting
 33816 | Shoals:4 | Got a barnacled rune of Zot
 34119 | Spider:1 | Entered Level 1 of the Spider Nest
 35121 | Spider:2 | Reached skill level 10 in Stealth
 35694 | Spider:2 | Gained mutation: Your magical and physical power is enhanced at high health. [demonic ancestry]
 35694 | Spider:2 | Reached XP level 18. HP: 92/147 MP: 1/18
 35949 | Spider:2 | Received a gift from Trog
 36186 | Spider:3 | Noticed Arachne
 36203 | Spider:3 | Killed Arachne
 36530 | Spider:3 | Identified a scroll of acquirement
 36655 | Spider:3 | Noticed Azrael
 36665 | Spider:3 | Killed Azrael
 37343 | Spider:4 | Entered Level 4 of the Spider Nest
 37550 | Spider:4 | Noticed Jorgrun
 37561 | Spider:4 | Killed Jorgrun
 37915 | Spider:4 | Received a gift from Trog
 37918 | Spider:4 | Reached skill level 15 in Fighting
 38094 | Spider:4 | Noticed RedSatellite's ghost (adept GrFi)
 38120 | Spider:4 | Killed RedSatellite's ghost
 38330 | Spider:4 | Blown up by an orb spider

Skill      XL: |  1  2  3  4  5  6  7  8  9 10 11 12 13 14 15 16 17 18 |
---------------+-------------------------------------------------------+-----
Long Blades    | 3 4 5 6 7 8 9 |  9.4
Dodging        | 2 3 4 5 6 7 8 9 10 11 | 11.7
Armour         | 2 3 4 5 6 8 9 10 11 12 13 14 | 14.2
Fighting       | 4 5 6 7 8 9 10 11 12 13 14 15 | 15.1
Shields        | 1 2 4 5 6 7 8 9 10 11 12 13 | 13.4
Stealth        | 1 3 5 6 8 9 10 | 10.6
Maces & Flails | 1 5 7 9 10 11 12 | 12.4

Action                   |  1- 3 |  4- 6 |  7- 9 | 10-12 | 13-15 | 16-18 || total
-------------------------+-------+-------+-------+-------+-------+-------++-------
Melee: Falchion          |    60 |   133 |   506 |   327 |    40 |       ||  1066
       Kick              |    16 |    47 |   176 |   275 |   408 |   538 ||  1460
       Scimitar          |       |       |       |   162 |       |       ||   162
       Demon whip        |       |       |       |   287 |  1292 |  1651 ||  3230
Invok: Berserk           |     1 |     4 |     9 |    21 |    22 |     6 ||    63
       Trog's Hand       |       |     1 |       |       |       |     1 ||     2
       Brothers in Arms  |       |       |       |     4 |     8 |     7 ||    19
       Burn Spellbooks   |       |       |       |     2 |     2 |     2 ||     6
Evoke: Wand              |       |       |       |       |       |     1 ||     1
  Use: Scroll            |       |     7 |     6 |     6 |    14 |    12 ||    45
       Potion            |       |       |     1 |     1 |       |       ||     2
 Stab: Petrified         |       |       |       |     5 |       |       ||     5
       Sleeping          |       |       |       |       |     2 |     4 ||     6
       Distracted        |       |       |       |       |       |     1 ||     1
  Eat: Chunk             |       |    27 |     8 |    36 |    46 |    31 ||   148
       Ration            |       |       |     3 |     3 |     5 |     5 ||    16
Armor: Animal skin       |     3 |       |       |       |       |       ||     3
       Scale mail        |    18 |    74 |    14 |       |       |       ||   106
       Plate armour      |       |       |   314 |   420 |   441 |       ||  1175
       Chain mail        |       |       |       |       |   176 |   815 ||   991
Dodge: Dodged            |    45 |    89 |   180 |   259 |   378 |   659 ||  1610
       Deflected         |       |       |     5 |    23 |    21 |    26 ||    75
Block: Buckler           |       |    19 |   106 |   212 |     3 |       ||   340
       Shield            |       |       |       |       |   612 |   897 ||  1509
       Rpst.: Falchion   |    14 |    28 |    44 |    40 |     4 |       ||   130
       Scimitar          |       |       |       |    14 |       |       ||    14
